AoeStats
← Cavernabrole

Arabia

509158569Analyzed
1v1 RM · 6d ago on Sep 25, 2026· 53m 31s· 2 players
Game mode
Random Map
Map size
Tiny (2 player)
Population
200
Speed
Normal
Resources
Standard
Victory
Conquest
Starting age
Dark Age
Ending age
Imperial Age
RankedLock teamsTeams togetherTeam positionsShared explorationLock speedFull tech treeHidden civsTurbo modeCheats
Victory
Defeat
🇵🇱 Varangians · Poland
1309
+16
🇫🇷 Danes · France
1315
-16
Blak San
6:20 Loom
8:53 Feudal Age
10:14 Double-Bit Axe
11:25 Wheelbarrow
13:25 Bloodlines
15:17 Fletching
22:20 Castle Age
20:29 Horse Collar
21:03 Scale Mail Armor
23:31 Chain Mail Armor
23:27 Forging
25:11 Bow Saw
27:15 Squires
30:10 Arson
30:11 Gambesons
30:49 Fervor
30:50 Town Watch
31:08 Heavy Plow
32:15 Husbandry
36:09 Hand Cart
35:46 Gold Mining
38:24 Iron Casting
40:41 Imperial Age
40:46 Elite Varangian Guard
43:13 Plate Mail Armor
43:43 Blast Furnace
42:16 Capped Ram
46:03 Siege Ram
50:15 Crop Rotation
50:46 Two-Man Saw
49:38 Stone Mining
49:50 Town Patrol
51:05 Cavalier
51:52 Scale Barding Armor
51:18 Gothikon
51:20 Vendel Legacy
52:21 Conscription
54:12 Chain Barding Armor
53:48 Bodkin Arrow
53:53 Padded Archer Armor
Cavernabrole
7:00 Loom
9:20 Feudal Age
10:36 Horse Collar
10:45 Double-Bit Axe
16:17 Fletching
20:39 Castle Age
19:30 Forging
20:09 Scale Mail Armor
20:46 Gold Mining
21:12 Arson
22:10 Bow Saw
22:08 Squires
22:24 Stone Mining
22:59 Gambesons
29:08 Iron Casting
28:50 Chain Mail Armor
30:01 Wheelbarrow
30:08 Bodkin Arrow
30:43 Hamask
32:44 Heavy Plow
32:58 Town Watch
34:52 Hand Cart
39:50 Stone Shaft Mining
40:02 Gold Shaft Mining
44:42 Imperial Age
46:07 Conscription
45:17 Elite Jomsviking
46:59 Blast Furnace
46:30 Plate Mail Armor
45:49 Capped Ram
47:44 Bracer
48:52 Bloodlines
48:43 Husbandry
49:40 Hoardings
49:31 Scale Barding Armor
48:54 Cranequins
49:30 Heavy Mounted Crossbowman
50:14 Padded Archer Armor
51:51 Siege Engineers
52:43 Ballistics
52:28 Elite Varangian Guard
Connection lost

Rejoining the realm…

Still unreachable

The connection could not be restored.

Session expired

The server has moved on; the page needs a fresh start.